cohdb
Replays
Latest Replays
All Replays
Popular Replays
Top Player Replays
Match Explorer
How It Works
Community
CoH3 Stats
Reddit
Sign in to upload your games and track your stats! →
Sign in with Steam
Match 41813156
Unlisted
Match 41813156
Overview
Messages
Build Orders
End
Construct Barracks
Selects Heavy Weapons
Riflemen Squad
Riflemen Squad
Construct Weapon Support Center
M1919 Machine Gun Team
Selects M2HB .50cal Heavy Machine Gun
Riflemen Squad
Grenade Package
Infantry Support Center
Construct Medical Station
Selects Assault Carriers
Engineer Squad
M3 Assault Carrier
Selects Exchangeable Parts
Munitions Surplus
Engineer Squad
Demolitions Package
M1918 Browning Automatic Rifles
Construct Motor Pool
M1 Anti-tank Gun Team
Advanced Logistics
AI Takeover
PlammX
Hunter
カルト_くん
tihs86
0
0
Comments
sign in to comment!
No comments posted yet!